 Dungeon Crawl Stone Soup version 0.29.1-12-g30fa7ad0bf (webtiles) character file.

Game seed: 8223600743643186569

749 JanusIIV the Cleaver (level 7, -3/63 HPs)
             Began as a Minotaur Fighter on Dec 28, 2022.
             Was an Initiate of Hepliaklqana.
             Slain by a scorpion (6 damage)
             ... on level 5 of the Dungeon.
             The game lasted 00:12:39 (2925 turns).

JanusIIV the Cleaver (Minotaur Fighter)             Turns: 2925, Time: 00:12:40

Health: -3/63      AC:  8    Str: 23    XL:     7   Next: 48%
Magic:  6/6        EV:  9    Int:  5    God:    Hepliaklqana [......]
Gold:   254        SH:  4    Dex:  9    Spells: 6/6 levels left

rFire   . . .      SeeInvis .   a - +0 war axe
rCold   . . .      Faith    .   c - +0 buckler
rNeg    . . .      Spirit   .   b - +0 scale mail
rPois   .          Reflect  .   (helmet restricted)
rElec   .          Harm     .   (no cloak)
rCorr   .          Rampage  .   (no gloves)
Will    .....                   h - +0 pair of boots
Stlth   ..........              (no amulet)
HPRegen 0.20/turn               (no ring)
MPRegen 0.10/turn               (no ring)

@: lethally poisoned (-3 -> -5)
A: horns 2, retaliatory headbutt
a: Renounce Religion


You were on level 5 of the Dungeon.
You worshipped Hepliaklqana.
Hepliaklqana was noncommittal.
You visited 1 branch of the dungeon, and saw 5 of its levels.

You collected 254 gold pieces.

Inventory:

Hand Weapons
 a - a +0 war axe (weapon)
Armour
 b - a +0 scale mail (worn)
 c - a +0 buckler (worn)
 g - a +0 chain mail
 h - a +0 pair of boots (worn)
 B - a +0 kite shield
Jewellery
 p - a ring of resist corrosion
 u - a ring of flight
Wands
 y - a wand of flame (18)
 D - a wand of mindburst (17)
Scrolls
 e - a scroll of amnesia {unknown}
 f - 3 scrolls of teleportation {unknown}
 i - a scroll of poison {unknown}
 j - a scroll of brand weapon {unknown}
 l - 2 scrolls of vulnerability {unknown}
 m - 4 scrolls of identify {unknown}
 s - a scroll of magic mapping {unknown}
 t - a scroll of noise {unknown}
 v - a scroll of enchant armour {unknown}
 w - a scroll of summoning {unknown}
 A - a scroll of immolation {unknown}
 E - a scroll of butterflies {unknown}
Potions
 d - 3 potions of might
 k - a potion of magic {unknown}
 n - a potion of curing {unknown}
 o - a potion of invisibility {unknown}
 q - 2 potions of berserk rage {unknown}
 r - a potion of attraction {unknown}
 x - a potion of lignification {unknown}
 z - a potion of resistance {unknown}
 C - a potion of haste {unknown}
 F - 2 potions of heal wounds {unknown}


   Skills:
 + Level 6.1 Fighting
 - Level 8.1 Axes
 + Level 5.3 Armour
 - Level 3.6 Shields


You had 6 spell levels left.
You didn't know any spells.
Your spell library contained the following spells:

 Spells                   Type           Power      Damage    Failure   Level
 Shock                    Conj/Air       0%         1d3       86%         1
 Slow                     Hex            0%         N/A       86%         1
 Call Canine Familiar     Summ           0%         N/A       99%         3
 Confusing Touch          Hex            0%         N/A       99%         3
 Portal Projectile        Hex/Tloc       0%         N/A       99%         3
 Swiftness                Air            0%         N/A       99%         3
 Vampiric Draining        Necr           0%         2d6       99%         3
 Airstrike                Air            0%         2d(0-16)  100%        4
 Leda's Liquefaction      Hex/Erth       0%         N/A       100%        4


Dungeon Overview and Level Annotations

Branches:
Dungeon (5/15)
 Temple: D:4-7

Altars:
Hepliaklqana
Vehumet

Shops:
D:1 *

Annotations:
D:3 1 runed translucent door, Crazy Yiuf
D:4 3 runed translucent doors, Mitcholas's ghost, novice GrFi


Innate Abilities, Weirdness & Mutations

You have a pair of horns on your head.
You reflexively headbutt those who attack you in melee.


Message History

The ogre hits you with a +0 giant club!!
* * * LOW HITPOINT WARNING * * *
You slash the ogre!
You kill the ogre!
Your Fighting skill increases to level 6!
Your Armour skill increases to level 5!
Things that are here:
a +0 giant club; a +0 giant club; an ogre corpse You start resting.
A scorpion is nearby!
Aiming: Throw Flame
Press: ? - help, Shift-Dir - straight line, f - scorpion
Aim: a scorpion (68% to hit)
The puff of flame misses the scorpion.
You hit the scorpion.
The scorpion is moderately wounded.
The scorpion stings you.
* * * LOW HITPOINT WARNING * * *
You are poisoned.
The scorpion poisons you!
You closely miss the scorpion.
The scorpion is moderately wounded.
You feel very sick.
The scorpion stings you but does no damage. x2
You slash the scorpion!
The scorpion is severely wounded.
You feel sick. The scorpion closely misses you.
You closely miss the scorpion. Your headbutt misses the scorpion.
The scorpion is severely wounded.
You feel sick.
The scorpion stings you but does no damage.
You barely miss the scorpion.
The scorpion is severely wounded.
You feel sick. You block the scorpion's attack. The scorpion stings you.
* * * LOW HITPOINT WARNING * * *
You closely miss the scorpion.
The scorpion is severely wounded.
* * * LOW HITPOINT WARNING * * *
You feel sick. The scorpion stings you.
You die...

#.....#.##....#
#.....#.##....#
###.....#.##....#
#.'.......##....#
#.#....##.......#
#.#....##.......##
.
#.#....##.........
s.
#.#....###'#......
...
#@#####....#.###..
....
#s####..####.# #..
..O.. #.#....##
#.. +..
......#...##
#####.. #>...###
#.. ####.# ### #.#
..# ###


You could see a scorpion.

Vanquished Creatures
  2 ogres (D:5)
  A black bear (D:3)
  2 scorpions (D:4)
  A necrophage (D:4)
  A howler monkey (D:4)
  2 hounds (D:4)
  Ijyb (D:3)
  4 gnolls (D:4)
  5 adders
  6 worms
  3 dart slugs
  4 orcs
  7 bats
  6 endoplasms
  2 giant cockroaches
  10 goblins
  7 hobgoblins
  8 jackals
  2 quokkas (D:1)
  9 ball pythons
  7 frilled lizards
  10 kobolds
  A rat (D:2)
101 creatures vanquished.

Notes
Turn   | Place    | Note
-------+----------+-------------------------------------------
     0 | D:1      | JanusIIV the Minotaur Fighter began the quest for the Orb.
     0 | D:1      | Reached XP level 1. HP: 19/19 MP: 0/0
   141 | D:1      | Reached XP level 2. HP: 27/27 MP: 1/1
   159 | D:1      | Reached skill level 3 in Axes
   435 | D:1      | Found Ydwump's Assorted Antiques.
   809 | D:2      | Reached XP level 3. HP: 28/33 MP: 2/2
   929 | D:2      | Reached skill level 4 in Axes
  1192 | D:2      | Reached XP level 4. HP: 38/41 MP: 3/3
  1390 | D:3      | Reached skill level 5 in Axes
  1417 | D:3      | Found a runed translucent door.
  1418 | D:3      | Noticed Crazy Yiuf
  1651 | D:3      | Found a radiant altar of Vehumet.
  1750 | D:3      | Noticed Ijyb
  1753 | D:3      | Killed Ijyb
  1754 | D:3      | Reached XP level 5. HP: 47/47 MP: 4/4
  1972 | D:3      | Noticed a black bear
  1993 | D:3      | Killed a black bear
  1994 | D:3      | Reached skill level 6 in Axes
  2206 | D:4      | Reached skill level 7 in Axes
  2206 | D:4      | Reached XP level 6. HP: 52/55 MP: 5/5
  2247 | D:4      | Found a hazy altar of Hepliaklqana.
  2258 | D:4      | Found a runed translucent gate.
  2266 | D:4      | Became a worshipper of Hepliaklqana the Forgotten
  2273 | D:4      | Found a runed translucent gate.
  2273 | D:4      | Noticed Mitcholas's ghost (novice GrFi)
  2274 | D:4      | Found a runed translucent gate.
  2275 | D:4      | Identified the +3 leather armour of the Jocular Cricket
                  | {rC- Str+7 Int+4 Dex+3}
  2569 | D:4      | Reached skill level 5 in Fighting
  2569 | D:4      | Reached skill level 8 in Axes
  2697 | D:4      | Reached XP level 7. HP: 55/61 MP: 6/6
  2828 | D:5      | Entered Level 5 of the Dungeon
  2915 | D:5      | Reached skill level 5 in Armour
  2925 | D:5      | HP: 3/63 [poisoned by a scorpion]
  2925 | D:5      | Slain by a scorpion

Illustrated notes

Levels and vault maps discovered:
D:1:      eino_arrival_tree_alley, layout_rooms, serial_shops,
          nicolae_shop_advertising_works [nicolae_subvault_shop_adworks],
          moated_statue, minmay_small_reverse_x
D:2:      layout_rooms
D:3:      minmay_chambers_of_twos, layout_loops_ring,
          mainiacjoe_overflow_small_starburst, uniq_ijyb,
          uniq_crazy_yiuf_cottage
D:4:      layout_rooms, mainiacjoe_overflow_alcove_1, biasface_ghost_orc_armoury
D:5:      layout_basic, mainiacjoe_overflow_cross_hatched,
          minmay_temple_entry_statues, hangedman_abyss_or_decor_passed,
          minmay_misc_feat_rugged

Skill      XL: |  1  2  3  4  5  6  7 |
---------------+----------------------+-----
Fighting       | 4 5 6 |  6.1
Axes           | 3 4 5 7 8 |  8.1
Armour         | 4 5 |  5.3
Shields        | |  3.6

Action                   |  1- 3 |  4- 6 |  7- 9 || total
-------------------------+-------+-------+-------++-------
Melee: War axe           |    82 |   100 |    26 ||   208
       Headbutt          |    14 |    22 |     4 ||    40
Evoke: Wand              |       |     5 |     4 ||     9
Armor: Scale mail        |    25 |    49 |    10 ||    84
Dodge: Dodged            |    34 |    38 |     7 ||    79
Block: Buckler           |    16 |    26 |     3 ||    45
